 Dungeon Crawl Stone Soup version 0.27-a0-200-g8ba017916c (webtiles) character file.

Game seed: 11098541176661872005

2 vurker the Bolt Thrower (level 1, 0/14 HPs)
             Began as a Halfling Hunter on Jan 29, 2021.
             Slain by a worm (5 damage)
             ... on level 2 of the Dungeon.
             The game lasted 00:00:21 (146 turns).

vurker the Bolt Thrower (Halfling Hunter)            Turns: 146, Time: 00:00:21

Health: 0/14       AC:  4    Str: 13    XL:     1   Next: 33%
Magic:  1/1        EV: 14    Int:  9    God:
Gold:   17         SH:  0    Dex: 14    Spells: 0/0 levels left

rFire    . . .     SeeInvis .   b - +0 short sword
rCold    . . .     Faith    .   (shield restricted)
rNeg     . . .     Spirit   .   c - +0 leather armour
rPois    .         Reflect  .   (no helmet)
rElec    .         Harm     .   e - +0 cloak
rCorr    .         Rampage  .   (no gloves)
Will     .....                  (no boots)
Stlth    +.........             (no amulet)
HPRegen  0.04/turn              (no ring)
MPRegen  0.07/turn              (no ring)

@: no status effects
A: small, mutation resistance 1
a: no special abilities


You were on level 2 of the Dungeon.
You visited 1 branch of the dungeon, and saw 2 of its levels.

You collected 17 gold pieces.

Inventory:

Hand Weapons
 a - a +1 hand crossbow
 b - a +0 short sword (weapon)
Missiles
 d - 20 bolts
Armour
 c - a +0 leather armour (worn)
 e - a +0 cloak (worn)
   (You found it on level 1 of the Dungeon)


   Skills:
 + Level 1.8 Fighting
 * Level 4.4 Crossbows
 - Level 2.1 Dodging
 - Level 1.1 Stealth


You couldn't memorise any spells.
You didn't know any spells.
Your spell library was empty.

Dungeon Overview and Level Annotations

Branches:
Dungeon (2/15)

Altars:


Innate Abilities, Weirdness & Mutations

You are small and have problems with some larger weapons.
You are somewhat resistant to further mutation.


Message History

A bat comes into view.
The bat completely misses you.
You hit the bat.
You kill the bat!
No target in view!
No target in view!
No target in view!
A bat comes into view.
The bat hits you but does no damage.
You hit the bat but do no damage. The bat closely misses you.
The bat misses you.
You hit the bat but do no damage. The bat hits you but does no damage.
You barely miss the bat. The bat misses you.
You barely miss the bat. The bat closely misses you.
The bat completely misses you. The bat hits you but does no damage.
The bat misses you. The bat hits you but does no damage.
You closely miss the bat. The bat barely misses you. The bat barely misses you.
You closely miss the bat. The bat closely misses you.
The bat hits you but does no damage.
You closely miss the bat. The bat barely misses you.
The bat closely misses you.
You hit the bat but do no damage. The bat hits you but does no damage.
The bat hits you but does no damage. x2
The bat misses you. The bat completely misses you.
You miss the bat. The bat closely misses you. The bat closely misses you.
The bat misses you. The bat closely misses you.
You hit the bat but do no damage. The bat barely misses you.
The bat closely misses you. The bat barely misses you.
A worm comes into view.
The bat hits you. The bat closely misses you.
The bat hits you but does no damage.
You miss the bat. The bat hits you but does no damage.
The bat closely misses you.
Found a stone staircase leading up.
You hit the bat but do no damage. The bat hits you but does no damage.
You miss the bat. The bat hits you but does no damage.
You miss the bat. The bat closely misses you. The bat misses you.
You hit the worm. The bat closely misses you.
The bat hits you but does no damage. The worm bites you!
Ouch! That really hurt!
* * * LOW HITPOINT WARNING * * *
The bat closely misses you.
A dart slug comes into view.
The bat misses you. The worm bites you.
You die...

.........####.#.#
.........##.....# #
.........####.#.####...#
.........# #..........#
.........# #....##....$
#.####..# ...
.#.......##.#..#
.......bw......#
.#.#####@##.##.#
+..........#
#.......#### ##..w....
#....<.# #.###..# #.
#..# . #..#


You could see a worm, a dart slug and a bat.

Vanquished Creatures
  3 bats
3 creatures vanquished.

Notes
Turn   | Place    | Note
-------+----------+-------------------------------------------
     0 | D:1      | vurker the Halfling Hunter began the quest for the Orb.
     0 | D:1      | Reached XP level 1. HP: 14/14 MP: 1/1
   102 | D:1      | You fall into a shaft and drop 1 floor!
   146 | D:2      | Slain by a worm

Illustrated notes

Levels and vault maps discovered:
D:1:      giann_wishing_wells, layout_basic, minmay_bisected
D:2:      layout_basic, gammafunk_temple_overflow_claw, uniq_crazy_yiuf_cottage,
          uniq_terence

Action                   || total
-------------------------++-------
Melee: Short sword       ||    25
Armor: Leather armour    ||    18
Dodge: Dodged            ||    39

Table legend: (Time is in decaauts)
 A = Elapsed time spent in this place.
 B = Non-inter-level travel time spent in this place.
 C = Inter-level travel time spent in this place.
 D = Time resting spent in this place.
 E = Time spent auto-exploring this place.
 F = Levels seen in this place.
 G = Mean time per level.
                   A        B        C        D        E       F      G
               +--------+--------+--------+--------+--------+-----+--------+
         Total |    147 |    147 |      0 |      0 |     78 |   2 |   73.5 |
       Dungeon |    147 |    147 |      0 |      0 |     78 |   2 |   73.5 |
               +--------+--------+--------+--------+--------+-----+--------+

Top non-repeatable levels by time:
     D:1: 102 daAuts
     D:2: 45 daAuts
